 Dungeon Crawl Stone Soup version 0.23.2-40-g277498a001 (webtiles) character file.

Game seed: 13728093810258561849

429849 DildoBatman the Necromancer (level 25, -32/194 HPs)
             Began as a Formicid Wizard on Sept 19, 2019.
             Was an Initiate of Gozag.
             Killed from afar by a deep elf annihilator (63 damage)
             ... with a crystal spear
             ... on level 3 of the Elven Halls.
             The game lasted 04:25:30 (47707 turns).

DildoBatman the Necromancer (Formicid Wizard)      Turns: 47707, Time: 04:25:31

Health: -32/194    AC: 40    Str: 11    XL:     25   Next: 5%
Magic:  16/49      EV: 15    Int: 46    God:    Gozag
Gold:   12573      SH: 20    Dex: 11    Spells: 2/56 levels left

rFire    + . .     SeeInvis +   a - +6 Majin-Bo {vamp, Archmagi MP+6 Int+6}
rCold    . . .     Gourm    .   g - +2 large shield "Moshuon" {rF+ Str-4 Int+4 Dex+2}
rNeg     . . .     Faith    .   y - +2 robe {Archmagi}
rPois    +         Spirit   .   (helmet unavailable)
rElec    .         Reflect  .   j - +0 cloak {rPois}
rCorr    .         Harm     .   U - +2 pair of gloves
MR       ++++.                  n - +1 pair of boots of Zaacs {MR++}
Stlth    ++++......             r - amulet "Kuirch" {*Slow Regen+ Int+5 Slay+3}
HPRegen  1.82/turn              e - ring of the Eagle {+Fly AC+5 Int+2 Stlth+}
MPRegen  0.31/turn              h - ring of Robustness {AC+8}

@: icy armour, aura of abjuration, gold aura, regenerating, deflect missiles
A: permanent stasis, dig shafts and tunnels, four strong arms, antennae 3,
talons 1, icy blue scales 1, clever 1, sense surroundings 1
}: 2/15 runes: serpentine, barnacled
a: Dig, Shaft Self, Potion Petition, Call Merchant, Bribe Branch, Renounce
Religion, Evoke Flight


You were on level 3 of the Elven Halls.
You worshipped Gozag.
Gozag was extremely pleased with you.
You were full.

You visited 8 branches of the dungeon, and saw 40 of its levels.
You visited 1 bazaar.
You also visited: Ossuary, Wizlab and Desolation.

You collected 19056 gold pieces.
You spent 3433 gold pieces at shops.
You paid 3050 gold pieces to Gozag.

Inventory:

Hand Weapons
 a - the +6 Majin-Bo (weapon) {vamp, Archmagi MP+6 Int+6}
   (You took it off a Hellbinder in a wizard's laboratory)

   It inflicts no extra harm, but heals its wielder when it wounds a living foe.
   It affects your intelligence (+6).
   It affects your magic capacity (+6).
 R - a +6 trident of piercing
Missiles
 P - 7 throwing nets (quivered)
Armour
 g - the +2 large shield "Moshuon" (worn) {rF+ Str-4 Int+4 Dex+2}
   (You found it in the Desolation of Salt)

   It affects your strength (-4).
   It affects your intelligence (+4).
   It affects your dexterity (+2).
   It protects you from fire.
 j - a +0 cloak of poison resistance (worn)
 n - the +1 pair of boots of Zaacs (worn) {MR++}
   (You found it on level 2 of the Elven Halls)

   It affects your resistance to hostile enchantments.
 y - a +2 robe of the Archmagi (worn)
 U - a +2 pair of gloves (worn)
Jewellery
 e - the ring of the Eagle (left hand) {+Fly AC+5 Int+2 Stlth+}
   (You found it in the Desolation of Salt)

   [ring of protection]

   It affects your AC (+5).
   It affects your intelligence (+2).
   It lets you fly.
   It makes you more stealthy.
 h - the ring of Robustness (right hand) {AC+8}
   (You found it on level 2 of the Elven Halls)

   [ring of protection]

   It affects your AC (+8).
 l - the ring of Lies {rCorr rC+ rN++ Int+2}
   (You found it in a wizard's laboratory)

   [ring of resist corrosion]

   It affects your intelligence (+2).
   It protects you from cold.
   It greatly protects you from negative energy.
 m - the ring "Ehoh" {rElec MP+9}
   (You found it on level 1 of the Vaults)

   [ring of magical power]

   It insulates you from electricity.
   It affects your magic capacity (+9).
 r - the amulet "Kuirch" (around neck) {*Slow Regen+ Int+5 Slay+3}
   (You found it in the Desolation of Salt)

   [amulet of regeneration]

   It affects your intelligence (+5).
   It affects your accuracy and damage with ranged weapons and melee attacks
   (+3).
   It increases your rate of regeneration.
   It may slow you when you take damage.
 Q - the ring of Unailovi {+Fly MR+ Str+4}
   (You found it on level 2 of the Vaults)

   [ring of strength]

   It affects your strength (+4).
   It affects your resistance to hostile enchantments.
   It lets you fly.
Wands
 t - a wand of clouds (7)
 w - a wand of paralysis (14)
 F - a wand of iceblast (31)
 H - a wand of scattershot (17)
 O - a wand of disintegration (42)
 Y - a wand of acid (20)
Scrolls
 b - a scroll of enchant armour
 d - 3 scrolls of summoning
 o - 2 scrolls of fear
 p - 10 scrolls of fog
 x - 17 scrolls of remove curse
 z - 17 scrolls of identify
 C - a scroll of magic mapping
 N - 2 scrolls of torment
Potions
 c - 5 potions of heal wounds
 f - 2 potions of resistance
 q - 8 potions of cancellation
 u - 4 potions of magic
 B - 8 potions of might
 E - 4 potions of invisibility
 G - 8 potions of agility
 M - 10 potions of curing
 Z - 7 potions of brilliance
Miscellaneous
 A - a lightning rod (inert)
 S - a sack of spiders
 T - a phial of floods
 V - a box of beasts
Comestibles
 v - 31 rations


   Skills:
 - Level 15.1 Fighting
 - Level 5.0 Polearms
 - Level 9.0 Armour
 - Level 7.0 Dodging
 - Level 6.0 Stealth
 - Level 15.0 Shields
 - Level 16.0 Spellcasting
 - Level 6.0 Conjurations
 - Level 6.0 Hexes
 - Level 7.0 Charms
 - Level 5.0 Summonings
 - Level 19.0 Necromancy
   Level 0.8 Translocations
 - Level 19.0 Transmutations
 - Level 5.0 Fire Magic
 - Level 6.0 Ice Magic
 - Level 7.0 Air Magic
 * Level 12.0 Earth Magic
 - Level 6.0 Poison Magic
 - Level 6.0 Evocations


You had 2 spell levels left.
You knew the following spells:

 Your Spells              Type           Power        Failure   Level  Hunger
a - Conjure Flame         Conj/Fire      ########     1%          3    None
b - Borgnjor's Vile Clut  Necr/Erth      #########.   1%          5    None
c - Spectral Weapon       Hex/Chrm       ########     1%          3    None
d - Necromutation         Tmut/Necr      #########.   1%          8    ###....
e - Regeneration          Chrm/Necr      #########.   0%          3    None
f - Mephitic Cloud        Conj/Pois/Air  ########     1%          3    None
g - Ozocubu's Armour      Chrm/Ice       ########     1%          3    None
h - Dispel Undead         Necr           ########     0%          5    None
i - Aura of Abjuration    Summ           ########..   2%          5    None
j - Deflect Missiles      Chrm/Air       ########..   5%          6    None
k - Vampiric Draining     Necr           #########.   0%          3    None
l - Bolt of Magma         Conj/Fire/Erth ########..   1%          5    None
z - Sublimation of Blood  Necr           #########.   0%          2    None

Your spell library contained the following spells:

 Spells                   Type           Power        Failure   Level  Hunger
 Animate Skeleton         Necr           N/A          0%          1    None
 Beastly Appendage        Tmut           ######       0%          1    None
 Pain                     Necr           ####         0%          1    None
 Corpse Rot               Necr           N/A          0%          2    None
 Sticks to Snakes         Tmut           ########     0%          2    None
 Apportation              Tloc           ######       1%          1    None
 Corona                   Hex            #######      1%          1    None
 Flame Tongue             Conj/Fire      #####        1%          1    None
 Freeze                   Ice            ####         1%          1    None
 Infusion                 Chrm           ####         1%          1    None
 Magic Dart               Conj           ####         1%          1    None
 Shock                    Conj/Air       ####         1%          1    None
 Sting                    Conj/Pois      ####         1%          1    None
 Summon Butterflies       Summ           ########     1%          1    None
 Summon Small Mammal      Summ           ####         1%          1    None
 Call Imp                 Summ           ########     1%          2    None
 Searing Ray              Conj           ######       1%          2    None
 Shroud of Golubria       Chrm/Tloc      ########..   1%          2    None
 Slow                     Hex            ########     1%          2    None
 Song of Slaying          Chrm           ########     1%          2    None
 Swiftness                Chrm/Air       ########     1%          2    None
 Throw Flame              Conj/Fire      ######       1%          2    None
 Throw Frost              Conj/Ice       ######       1%          2    None
 Spider Form              Tmut/Pois      ########..   0%          3    None
 Animate Dead             Necr           N/A          0%          4    None
 Agony                    Necr           ########     0%          5    None
 Blade Hands              Tmut           #########.   0%          5    None
 Call Canine Familiar     Summ           ########     1%          3    None
 Inner Flame              Hex/Fire       ########     1%          3    None
 Lesser Beckoning         Tloc           #######...   1%          3    None
 Portal Projectile        Hex/Tloc       ######       1%          3    None
 Recall                   Summ/Tloc      N/A          1%          3    None
 Static Discharge         Conj/Air       ########     1%          3    None
 Stone Arrow              Conj/Erth      ######       1%          3    None
 Summon Guardian Golem    Hex/Summ       ########     1%          3    None
 Tukima's Dance           Hex            ########     1%          3    None
 Airstrike                Air            ########..   1%          4    None
 Cause Fear               Hex            ########..   1%          4    None
 Ice Form                 Ice/Tmut       ########     1%          4    None
 Iskenderun's Mystic Bla  Conj           ########     1%          4    None
 Leda's Liquefaction      Hex/Erth       ########..   1%          4    None
 Sticky Flame             Conj/Fire      ########     1%          4    None
 Summon Ice Beast         Ice/Summ       ########     1%          4    None
 Summon Lightning Spire   Summ/Air       ########     1%          4    None
 Throw Icicle             Conj/Ice       ########     1%          4    None
 Alistair's Intoxication  Tmut/Pois      ########     1%          5    None
 Excruciating Wounds      Chrm/Necr      #########.   1%          5    None
 Fireball                 Conj/Fire      ########..   1%          5    None
 Iskenderun's Battlesphe  Conj/Chrm      ########     1%          5    None
 Lightning Bolt           Conj/Air       ########..   1%          5    None
 Metabolic Englaciation   Hex/Ice        ########..   1%          5    None
 Silence                  Hex/Air        ########..   1%          5    None
 Summon Mana Viper        Hex/Summ       ########     1%          5    None
 Venom Bolt               Conj/Pois      ########..   1%          5    None
 Death Channel            Necr           #########.   1%          6    None
 Simulacrum               Ice/Necr       ########..   1%          6    None
 Borgnjor's Revivificati  Necr           #########.   1%          8    ###....
 Infestation              Necr           #########.   1%          8    ###....
 Summon Demon             Summ           ########..   2%          5    None
 Iron Shot                Conj/Erth      ########..   2%          6    None
 Haunt                    Necr/Summ      ########..   3%          7    None
 Summon Forest            Summ/Tloc      #######...   5%          5    None
 Conjure Ball Lightning   Conj/Air       ########..   7%          6    None
 Freezing Cloud           Conj/Ice/Air   ########..   7%          6    None
 Bolt of Cold             Conj/Ice       ########..   9%          6    None
 Invisibility             Hex            ########     9%          6    None
 Ozocubu's Refrigeration  Ice            ########..   9%          6    None
 Shadow Creatures         Summ           N/A          12%         6    None
 Death's Door             Chrm/Necr      #########.   21%         8    ###....
 Orb of Destruction       Conj           ########..   41%         7    None
 Spellforged Servitor     Conj/Summ      ########..   50%         7    None
 Summon Hydra             Summ           ########..   56%         7    None
 Tornado                  Air            ########..   100%        9    #####..
 Blink                    Tloc           Unusable     N/A         2    N/A

Dungeon Overview and Level Annotations

Branches:
Dungeon (15/15)            Temple (1/1) D:4            Lair (6/6) D:8
 Shoals (4/4) Lair:2        Snake (4/4) Lair:4        Slime (0/5) Lair:5
    Orc (2/2) D:12            Elf (3/3) Orc:2        Vaults (5/5) D:13
  Crypt (0/3) Vaults:3     Depths (0/5) D:15

Altars:
Ashenzari
Cheibriados
Dithmenos
Elyvilon
Fedhas
Gozag
Hepliaklqana
Kikubaaqudgha
Makhleb
Nemelex Xobeh
Okawaru
Qazlal
Ru
Sif Muna
Trog
Uskayaw
Vehumet
Wu Jian
Xom
Yredelemnul
Zin
The Shining One
Beogh

Shops:
D:12 %   D:15 =   Orc:2 [:(}   Elf:1 *[}%   Shoals:1 [   Vaults:3 ?:
Vaults:4 [

Portals:
Trove: Elf:2 (give +3 gold dragon scales)

Annotations:
Vaults:1 exclusion: ironheart preserver


Innate Abilities, Weirdness & Mutations

You cannot be hasted, slowed, berserked, paralysed or teleported.
You can dig through walls and to a lower floor.
Your four strong arms can wield two-handed weapons with a shield.
You have a pair of large antennae on your head. (SInv)
You have sharp toenails.
You are partially covered in icy blue scales. (AC +2)
Your mind is acute. (Int +2)
You passively map a small area around you.


Message History

Aiming: Borgnjor's Vile Clutch (safe; 1% risk of failure)
Press: ? - help, Dir - move target cursor, f/p - deep elf annihilator
Aim: a deep elf annihilator, wielding a +0 short sword (noxious fumes, spells empowered)
You feel a strong surge of power!
Decaying hands burst forth from the earth!
Zombie hands grab the deep elf annihilator.
The deep elf annihilator is unaffected. x2
The zombie hands constrict the deep elf annihilator!! x2
The zombie hands constrict the deep elf annihilator!
You hear a shout!
The deep elf annihilator is engulfed in noxious fumes.
The deep elf annihilator struggles to escape constriction.
The deep elf annihilator is engulfed in noxious fumes.
The deep elf annihilator casts a spell.
The deep elf annihilator struggles to blink free from constriction.
The deep elf annihilator is engulfed in noxious fumes.
The deep elf annihilator points at you and mumbles some strange words.
The crystal spear hits you!!!
You die...
Your body crumbles into a pile of gold.

#################################
................................#
................................#
###'###+########+########'#######
.)..#, ........#..(.............#
....# ......§e§$...............#
....+, {.....§e#................#
##### ####.○e☼$.###############
#.#{#@.# *, #{#..# *#{##.# *
#{{{### #.$${{# { * #..$${..#
#....(..{.# , {, #..e..§..e..# *
#......#......# *


You could see 3 deep elf annihilators.

Vanquished Creatures
  Boris (Vaults:4)
  Vashnia (Snake:4)
  Frederick (Vaults:4)
  Saint Roka (Snake:2)
  Xtahua (Vaults:4)
  Nikola (Snake:3)
  Jory (Vaults:4)
  A Hellbinder (WizLab)
  4 tentacled monstrosities
  A deep elf blademaster (Elf:3)
  A deep elf master archer (Elf:3)
  An acid blob (shapeshifter) (Vaults:4)
  Asterion (Snake:3)
  2 sphinxes
  A titan (Vaults:1)
  2 krakens
  The ghost of Aruth the Severer, an adept MiBe of Trog (Snake:2)
  2 shadow dragons (Vaults:2)
  3 tengu reavers
  Donald (Vaults:2)
  A fire giant (Vaults:2)
  9 nagarajas
  6 frost giants
  Aizul (Snake:1)
  The ghost of kalagan the Convoker, an adept BaSu of Sif Muna (Elf:2)
  6 cacodemons
  2 imperial myrmidons (Desolation)
  2 orc warlords (Orc:2)
  9 vault wardens
  5 deep elf sorcerers
  Louise (Snake:4)
  A balrug (WizLab)
  3 deep elf elementalists (Elf:3)
  13 ironheart preservers
  2 very ugly things
  A war gargoyle (Vaults:1)
  3 stone giants
  3 entropy weavers
  A vampire knight (Vaults:1)
  3 deep elf annihilators (Elf:3)
  2 deep elf demonologists (Elf:3)
  2 halazid warlocks (Desolation)
  Azrael (Snake:3)
  A black sun (WizLab)
  A lorocyproca (WizLab)
  5 crystal guardians
  7 deep elf death magi
  8 merfolk impalers (Shoals:4)
  An ettin (Vaults:1)
  9 ragged hierophants (Desolation)
  4 merfolk javelineers
  6 fire dragons
  2 blizzard demons (WizLab)
  6 ogre magi
  A green death (WizLab)
  A great orb of eyes (Vaults:2)
  4 deep elf high priests
  6 yaktaur captains
  14 peacekeepers
  3 merfolk avatars
  4 servants of whispers (Desolation)
  Harold (D:8)
  23 vault guards
  6 hydras
  19 naga warriors
  2 ice dragons
  14 anacondas
  2 satyrs (Shoals:4)
  18 two-headed ogres
  A merfolk aquamancer (Shoals:1)
  2 death knights
  A deep troll shaman (Vaults:2)
  6 centaur warriors
  A tengu warrior (D:14)
  2 deep troll earth magi
  11 shock serpents
  5 orc high priests (Orc:2)
  22 deep elf knights
  20 naga sharpshooters
  Nergalle (D:11)
  3 soul eaters (WizLab)
  A skeletal warrior (D:14)
  A shadow wraith (Vaults:4)
  4 salamander mystics
  15 sea snakes
  A sixfirhy (WizLab)
  2 flayed ghosts
  A wizard (Vaults:2)
  11 deep trolls
  10 naga ritualists
  Pikel (D:7)
  12 deep elf archers
  A lindwurm (Lair:6)
  A swamp dragon (Lair:6)
  23 ironbrand convokers
  A tengu zombie (Vaults:1)
  10 orc knights
  2 phantasmal warriors (Vaults:4)
  A lindwurm (shapeshifter) (Elf:2)
  14 harpies
  4 necromancers
  15 mana vipers
  52 deep elf magi
  9 fauns
  5 orc sorcerers
  14 ugly things
  16 salamanders
  2 orb spiders (shapeshifter)
  7 cyclopes
  20 manticores
  6 merfolk sirens
  A frost giant skeleton (Vaults:1)
  2 fire giant skeletons (Vaults:4)
  18 naga magi
  A rust devil (WizLab)
  A human skeleton (Vaults:1)
  An eye of devastation (shapeshifter) (Elf:2)
  33 black mambas
  10 elephants (Lair:5)
  3 water nymphs
  A torpor snail (shapeshifter) (Vaults:4)
  A guardian serpent (shapeshifter) (Vaults:4)
  4 molten gargoyles
  2 gargoyles
  8 guardian serpents
  5 torpor snails (Lair:6)
  A water nymph (shapeshifter) (Elf:2)
  9 vault sentinels
  2 orange demons (WizLab)
  A storm dragon simulacrum (Vaults:1)
  12 spiny frogs
  A rime drake (shapeshifter) (Elf:2)
  A kobold demonologist (D:15)
  The ghost of TheNamelessOne the Skirmisher, a novice OpWn (D:5)
  8 freezing wraiths
  A hellion (WizLab)
  A rime drake (Lair:3)
  32 yaktaurs
  8 komodo dragons
  4 red devils (WizLab)
  A tengu conjurer (D:13)
  3 hellwings (WizLab)
  A yaktaur skeleton (Vaults:4)
  A jumping spider (shapeshifter) (Elf:2)
  A meliai (shapeshifter) (Elf:2)
  38 merfolk
  8 trolls
  4 wind drakes
  2 queen bees (shapeshifter)
  A polar bear (Lair:2)
  Prince Ribbit (D:8)
  9 hornets
  2 hornets (shapeshifter) (Vaults:2)
  5 blink frogs (Lair:1)
  4 tyrant leeches (Lair:6)
  54 saltlings (Desolation)
  A fire dragon zombie (D:13)
  23 slime creatures
  12 dream sheep
  10 hippogriffs
  11 snapping turtles
  An air elemental (Elf:2)
  2 ettin skeletons
  A hog (shapeshifter) (Vaults:3)
  A shadow (D:14)
  4 wraiths
  2 vampires
  13 redbacks
  4 hogs (D:7)
  A tarantella (shapeshifter) (Vaults:1)
  11 water elementals
  4 fire elementals
  A golden eye (shapeshifter) (Vaults:2)
  11 humans
  A wyvern (Lair:3)
  32 yaks
  A ynoxinul (WizLab)
  5 vampire mosquitoes
  3 human simulacra
  2 steam dragons (Lair:6)
  2 neqoxecs (WizLab)
  4 chaos spawn (WizLab)
  5 large abominations (Elf:2)
  2 wargs
  68 nagas
  A soldier ant (D:12)
  A soldier ant (shapeshifter) (Elf:2)
  3 hell hounds (Snake:3)
  7 acid dragons
  8 porcupines
  20 water moccasins
  A swamp drake (Lair:6)
  72 orc warriors
  4 slaves (D:7)
  A necrophage (D:13)
  2 sky beasts
  A black bear (D:9)
  A hornet zombie (D:13)
  2 phantoms
  2 ice beasts
  An ogre (shapeshifter) (Elf:2)
  28 ogres
  11 wolves (Lair:2)
  A tengu (shapeshifter) (Vaults:3)
  15 crocodiles
  11 centaurs
  24 bullfrogs
  A big kobold (D:7)
  Blork the orc (D:4)
  A cyclops zombie (D:13)
  9 elf zombies (Ossuary)
  A gnoll sergeant (D:10)
  An ogre simulacrum (Vaults:1)
  A wyvern zombie (D:8)
  An earth elemental (Elf:1)
  5 scorpions
  13 killer bees
  2 troll zombies
  7 wights
  A troll skeleton (Orc:2)
  2 howler monkeys
  5 electric eels
  3 crimson imps
  5 lava snakes (Snake:2)
  A bullfrog zombie (D:10)
  5 human zombies
  A quasit (D:7)
  A yaktaur simulacrum (Vaults:1)
  A bullfrog skeleton (D:8)
  6 centaur zombies
  Crazy Yiuf (D:3)
  8 centaur skeletons
  5 jellies
  A basilisk zombie (D:15)
  38 orc priests
  11 hounds
  A basilisk skeleton (D:14)
  Terence (D:3)
  7 iguanas
  25 orc wizards
  12 worker ants
  An ogre zombie (D:13)
  An acid dragon zombie (D:13)
  6 ogre skeletons (Orc:2)
  A hound skeleton (D:10)
  3 mummies (Ossuary)
  Robin (D:3)
  2 howler monkey zombies
  8 gnolls
  8 orc zombies
  23 adders
  A gnoll zombie (Orc:2)
  11 orc skeletons
  2 shadow imps
  2 white imps (Lair:6)
  4 oozes
  An iguana zombie (D:13)
  2 worms
  2 dart slugs (D:3)
  3 leopard geckos
  155 orcs
  2 ball pythons
  12 bats
  2 giant cockroaches
  15 goblins
  10 hobgoblins
  12 jackals
  3 quokkas
  A ball python zombie (D:15)
  5 frilled lizards
  A frilled lizard zombie (D:13)
  A jackal skeleton (D:4)
  A jackal zombie (D:8)
  13 kobolds
  2 leopard gecko skeletons (D:14)
  8 rats
  6 bushes (Elf:3)
  19 plants
  3 tentacles
1911 creatures vanquished.

Vanquished Creatures (collateral kills)
  An ironheart preserver (Vaults:1)
  An orc warrior (D:12)
  2 orcs (D:6)
4 creatures vanquished.

Vanquished Creatures (others)
  A vault guard (D:13)
  25 dancing weapons
  A deep elf knight (Elf:2)
  An unseen horror (shapeshifter) (Vaults:1)
  A black mamba (Snake:3)
  A molten gargoyle (D:12)
  A fire elemental (Elf:2)
  A killer bee (D:10)
  A crimson imp (D:7)
  An adder (Snake:1)
  2 bushes (Elf:3)
  2 fungi
  4 plants
  27 tentacles
  2 withered plants (D:5)
71 creatures vanquished.

Grand Total: 1986 creatures vanquished

Notes
Turn   | Place    | Note
-------+----------+-------------------------------------------
     0 | D:1      | DildoBatman the Formicid Wizard began the quest for the
                  | Orb.
     0 | D:1      | Reached XP level 1. HP: 13/13 MP: 4/4
    44 | D:1      | Reached skill level 1 in Conjurations
   492 | D:1      | Reached XP level 2. HP: 19/19 MP: 4/6
  1036 | D:2      | Reached XP level 3. HP: 24/24 MP: 5/7
  1047 | D:2      | Learned a level 3 spell: Conjure Flame
  1051 | D:2      | Learned a level 3 spell: Mephitic Cloud
  1678 | D:2      | Reached XP level 4. HP: 30/30 MP: 8/8
  2664 | D:2      | Reached XP level 5. HP: 31/35 MP: 4/9
  3387 | D:3      | Reached skill level 5 in Conjurations
  3387 | D:3      | Reached XP level 6. HP: 23/41 MP: 1/10
  3587 | D:4      | Found a staircase to the Ecumenical Temple.
  3593 | Temple   | Entered the Ecumenical Temple
  3772 | Temple   | Became a worshipper of Kikubaaqudgha
  3828 | D:4      | Noticed Blork the orc
  3872 | D:3      | Noticed Terence
  3884 | D:3      | Killed Terence
  4024 | D:3      | Found a runed translucent door.
  4025 | D:3      | Noticed Crazy Yiuf
  4072 | D:3      | Noticed Robin
  4135 | D:3      | Killed Robin
  4135 | D:3      | Reached skill level 1 in Poison Magic
  4409 | D:3      | Killed Crazy Yiuf
  4409 | D:3      | Reached XP level 7. HP: 46/46 MP: 4/11
  4707 | D:4      | Reached skill level 1 in Fire Magic
  4746 | D:4      | Reached skill level 1 in Air Magic
  4751 | D:4      | Reached skill level 1 in Polearms
  4939 | D:4      | Reached * piety under Kikubaaqudgha
  4939 | D:4      | Identified Kikubaaqudgha's Collected Works on Darkness
                  | (Kikubaaqudgha gifted it to you on level 4 of the Dungeon)
  4939 | D:4      | Received a gift from Kikubaaqudgha
  4971 | D:4      | Learned a level 2 spell: Sublimation of Blood
  4975 | D:4      | Learned a level 3 spell: Vampiric Draining
  5137 | D:4      | Killed Blork the orc
  5436 | D:5      | Entered Level 5 of the Dungeon
  5440 | D:5      | Found a runed translucent door.
  5507 | D:5      | Found a bloodstained altar of Trog.
  5527 | D:5      | Reached XP level 8. HP: 52/52 MP: 5/12
  5610 | D:5      | Found a shimmering altar of Xom.
  5635 | D:5      | Found a glowing silver altar of Zin.
  5636 | D:5      | Found a sparkling altar of Nemelex Xobeh.
  5737 | D:5      | Found a basalt altar of Yredelemnul.
  5800 | D:5      | Reached ** piety under Kikubaaqudgha
  5994 | D:5      | Found a sparkling altar of Nemelex Xobeh.
  6057 | D:5      | Noticed TheNamelessOne's ghost (novice OpWn)
  6149 | D:5      | Found an ornate altar of the Wu Jian Council.
  6149 | D:5      | Found a hide-covered altar of Uskayaw.
  6149 | D:5      | Found a radiant altar of Vehumet.
  6464 | D:6      | Reached skill level 5 in Poison Magic
  6536 | D:6      | Found a sand-covered staircase.
  6591 | Ossuary  | Entered an ossuary
  6607 | Ossuary  | Reached XP level 9. HP: 57/57 MP: 10/13
  6731 | Ossuary  | Reached skill level 5 in Fire Magic
  6887 | D:6      | Reached skill level 5 in Air Magic
  7175 | D:6      | Reached *** piety under Kikubaaqudgha
  7175 | D:6      | Identified Kikubaaqudgha's Tome of Black Arts
                  | (Kikubaaqudgha gifted it to you on level 6 of the Dungeon)
  7175 | D:6      | Received a gift from Kikubaaqudgha
  7175 | D:6      | Reached skill level 5 in Spellcasting
  7268 | D:6      | Found a glowing silver altar of Zin.
  7331 | D:6      | Found a stormy altar of Qazlal.
  7337 | D:6      | Found a shattered altar of Ashenzari.
  7338 | D:6      | Found an opulent altar of Gozag.
  7342 | D:6      | Found a hide-covered altar of Uskayaw.
  7674 | D:6      | Gained mutation: You are partially covered in slimy green
                  | scales. (AC +2) [potion of mutation]
  7674 | D:6      | Gained mutation: Your magical capacity is low. (-10% MP)
                  | [potion of mutation]
  7674 | D:6      | Lost mutation: Your magical capacity is low. (-10% MP)
                  | [potion of mutation]
  7674 | D:6      | Gained mutation: You possess an exceptional clarity of
                  | mind. [potion of mutation]
  7675 | D:6      | Lost mutation: You possess an exceptional clarity of mind.
                  | [potion of mutation]
  7675 | D:6      | Gained mutation: You are partially covered in thin metallic
                  | scales. (AC +2) [potion of mutation]
  7675 | D:6      | Gained mutation: You occasionally shout uncontrollably at
                  | your foes. [potion of mutation]
  7675 | D:6      | Gained mutation: You are resistant to electric shocks.
                  | (rElec) [potion of mutation]
  7676 | D:6      | Lost mutation: You occasionally shout uncontrollably at
                  | your foes. [potion of mutation]
  7676 | D:6      | Lost mutation: You are partially covered in thin metallic
                  | scales. (AC +2) [potion of mutation]
  7676 | D:6      | Lost mutation: You are resistant to electric shocks.
                  | (rElec) [potion of mutation]
  7676 | D:6      | Gained mutation: Your mind is acute. (Int +2) [potion of
                  | mutation]
  7676 | D:6      | Gained mutation: Your muscles are strong. (Str +2) [potion
                  | of mutation]
  7705 | D:7      | Noticed Pikel
  7740 | D:7      | Killed Pikel
  7740 | D:7      | Reached XP level 10. HP: 55/63 MP: 6/20
  7818 | D:7      | Reached skill level 1 in Necromancy
  7898 | D:7      | Lost mutation: You are partially covered in slimy green
                  | scales. (AC +2) [potion of mutation]
  7898 | D:7      | Lost mutation: Your mind is acute. (Int +2) [potion of
                  | mutation]
  7898 | D:7      | Lost mutation: Your muscles are strong. (Str +2) [potion of
                  | mutation]
  7898 | D:7      | Gained mutation: You are partially covered in molten
                  | scales. (AC +2) [potion of mutation]
  8025 | D:7      | Found a deep blue altar of Sif Muna.
  8232 | D:7      | Reached skill level 5 in Necromancy
  8449 | D:7      | Reached **** piety under Kikubaaqudgha
  9132 | D:8      | Noticed Prince Ribbit
  9137 | D:8      | Learned a level 5 spell: Dispel Undead
  9146 | D:8      | Killed Prince Ribbit
  9226 | D:8      | Noticed Harold
  9243 | D:8      | HP: 3/63 [Harold/+0 long sword (5)]
  9248 | D:8      | Killed Harold
  9248 | D:8      | Reached XP level 11. HP: 22/68 MP: 9/23
  9336 | D:8      | Found a staircase to the Lair.
 10243 | D:9      | Reached ***** piety under Kikubaaqudgha
 10573 | D:9      | Learned a level 5 spell: Borgnjor's Vile Clutch
 10959 | D:9      | Reached skill level 1 in Earth Magic
 11159 | D:10     | Entered Level 10 of the Dungeon
 11271 | D:10     | Noticed a two-headed ogre
 11297 | D:10     | Killed a two-headed ogre
 11374 | D:10     | Found a sacrificial altar of Ru.
 11506 | D:10     | Reached skill level 5 in Earth Magic
 12266 | D:11     | Noticed Nergalle
 12338 | D:11     | Killed Nergalle
 12363 | D:11     | Noticed a green ugly thing
 12448 | D:11     | Found a basalt altar of Yredelemnul.
 12494 | D:11     | Reached XP level 12. HP: 75/75 MP: 24/24
 12762 | D:12     | Reached skill level 1 in Fighting
 12762 | D:12     | Reached skill level 1 in Armour
 12915 | D:12     | Found a staircase to the Orcish Mines.
 13105 | D:12     | Found a roughly hewn altar of Beogh.
 13138 | D:12     | Found Nuets's Food Emporium.
 13279 | D:12     | Noticed a two-headed ogre
 13284 | D:12     | Killed a two-headed ogre
 13473 | Orc:1    | Entered Level 1 of the Orcish Mines
 13476 | Orc:1    | Noticed a two-headed ogre
 13478 | Orc:1    | Noticed a two-headed ogre
 13479 | Orc:1    | Noticed a two-headed ogre
 13479 | Orc:1    | Noticed a two-headed ogre
 13479 | Orc:1    | Noticed a two-headed ogre
 13481 | Orc:1    | Noticed an ogre mage
 13482 | Orc:1    | Reached skill level 1 in Shields
 13483 | Orc:1    | Killed a two-headed ogre
 13486 | Orc:1    | Killed a two-headed ogre
 13487 | Orc:1    | Killed an ogre mage
 13487 | Orc:1    | Reached skill level 5 in Shields
 13487 | Orc:1    | Killed a two-headed ogre
 13489 | Orc:1    | Killed a two-headed ogre
 13498 | Orc:1    | Killed a two-headed ogre
 13498 | Orc:1    | Reached XP level 13. HP: 88/88 MP: 1/25
 13520 | Orc:1    | You fall through a shaft!
 13520 | Orc:2    | Entered Level 2 of the Orcish Mines
 13893 | Orc:1    | Reached skill level 5 in Fighting
 13923 | Orc:1    | Reached skill level 5 in Armour
 13970 | Orc:1    | Reached ****** piety under Kikubaaqudgha
 13996 | Orc:1    | Received a gift from Kikubaaqudgha
 14001 | Orc:1    | Fell from the grace of Kikubaaqudgha
 14124 | D:6      | Became a worshipper of Gozag Ym Sagoz the Greedy
 14172 | D:5      | Killed TheNamelessOne's ghost
 14696 | Orc:2    | Noticed a reaper
 14781 | Orc:2    | Reached skill level 5 in Dodging
 15036 | Orc:2    | Noticed an orc warlord
 15052 | Orc:2    | Killed an orc warlord
 15169 | Orc:2    | Found Sisomoli's Gadget Boutique.
 15214 | Orc:2    | Found a roughly hewn altar of Beogh.
 15247 | Orc:2    | Found Atwiciro's Weapon Shop.
 15336 | Orc:2    | Noticed a stone giant
 15344 | Orc:2    | Killed a stone giant
 15577 | Orc:2    | Found a staircase to the Elven Halls.
 15971 | Orc:2    | Noticed an orc warlord
 15988 | Orc:2    | Killed an orc warlord
 15988 | Orc:2    | Reached XP level 14. HP: 81/103 MP: 20/26
 16176 | Orc:2    | Reached skill level 10 in Shields
 16392 | Orc:2    | Found Eprifocs's Book Shoppe.
 16451 | Orc:2    | Found Ajocee's Armour Boutique.
 16495 | Orc:2    | Found a roughly hewn altar of Beogh.
 17128 | D:13     | Found a gate to the Vaults.
 17510 | D:14     | You fall through a shaft!
 17510 | D:15     | Entered Level 15 of the Dungeon
 17843 | D:14     | Was forgiven by Kikubaaqudgha
 17967 | D:14     | Found a flickering gateway to a bazaar.
 17978 | Bazaar   | Entered a bazaar
 17981 | Bazaar   | Found Azith's Food Shop.
 17994 | Bazaar   | Found Xiuracw's Distillery.
 18007 | Bazaar   | Found Vafaugam's Book Shop.
 18034 | Bazaar   | Found Xijo's Armour Boutique.
 18074 | Bazaar   | Bought a manual of Fighting for 1876 gold pieces
 18086 | Bazaar   | Bought a potion of heal wounds for 65 gold pieces
 18086 | Bazaar   | Bought a potion of brilliance for 52 gold pieces
 18086 | Bazaar   | Bought a potion of agility for 52 gold pieces
 18086 | Bazaar   | Bought a potion of heal wounds for 65 gold pieces
 18086 | Bazaar   | Bought a potion of curing for 39 gold pieces
 18086 | Bazaar   | Bought a potion of curing for 39 gold pieces
 18086 | Bazaar   | Bought a potion of brilliance for 52 gold pieces
 18086 | Bazaar   | Bought a potion of might for 52 gold pieces
 19060 | D:15     | Reached skill level 15 in Shields
 19098 | D:15     | Reached XP level 15. HP: 32/108 MP: 12/27
 19121 | D:15     | Found a staircase to the Depths.
 19121 | D:15     | Noticed a frost giant
 19123 | D:15     | HP: 4/108 [frost giant/bolt of cold (37)]
 19134 | D:15     | Killed a frost giant
 19288 | D:15     | Found Puneaz's Jewellery Emporium.
 19539 | Lair:1   | Entered Level 1 of the Lair of Beasts
 20499 | Lair:2   | Found a staircase to the Shoals.
 20510 | Lair:2   | Reached skill level 10 in Fighting
 21193 | Lair:3   | Reached skill level 10 in Spellcasting
 21486 | Lair:3   | Lost mutation: You are partially covered in molten scales.
                  | (AC +2) [potion of mutation]
 21486 | Lair:3   | Gained mutation: Your magical capacity is low. (-10% MP)
                  | [potion of mutation]
 21486 | Lair:3   | Gained mutation: Your body sometimes deteriorates upon
                  | taking damage. [potion of mutation]
 21486 | Lair:3   | Lost mutation: Your magical capacity is low. (-10% MP)
                  | [potion of mutation]
 21668 | Lair:3   | Found a shattered altar of Ashenzari.
 22161 | Lair:4   | Found a staircase to the Snake Pit.
 22177 | Lair:4   | Learned a level 3 spell: Regeneration
 22255 | Lair:4   | Got a scorched scythe
 22256 | Lair:4   | Identified the +1 scythe of Disintegration {drain, rC+
                  | Str+6} (You found it on level 4 of the Lair of Beasts)
 22293 | Lair:4   | Reached skill level 1 in Charms
 23377 | Lair:5   | Found a staircase to the Slime Pits.
 23492 | Lair:6   | Entered Level 6 of the Lair of Beasts
 23821 | Lair:6   | Learned a level 3 spell: Ozocubu's Armour
 23869 | Lair:6   | Reached XP level 16. HP: 122/122 MP: 19/32
 24475 | Lair:6   | Found a runed translucent door.
 25192 | Shoals:1 | Entered Level 1 of the Shoals
 25610 | Shoals:1 | Found Fock's Antique Armour Shoppe.
 25644 | Shoals:1 | Bought a pair of runed gloves for 202 gold pieces
 25644 | Shoals:1 | Bought a runed large shield for 202 gold pieces
 25644 | Shoals:1 | Bought a colourful robe for 153 gold pieces
 25679 | Shoals:1 | Identified the +1 robe "Aloth" {Dex+4} (You bought it in a
                  | shop on level 1 of the Shoals)
 26747 | Shoals:2 | Noticed a kraken
 26810 | Shoals:2 | Reached skill level 15 in Spellcasting
 26825 | Shoals:2 | Killed a kraken
 27614 | Shoals:3 | Reached XP level 17. HP: 82/128 MP: 5/36
 28165 | Shoals:3 | Noticed a kraken
 28189 | Shoals:3 | Killed a kraken
 28614 | Shoals:4 | Entered Level 4 of the Shoals
 28643 | Shoals:4 | Identified the +6 plate armour of Ohuith {*Corrode rN+
                  | Str+2}
 28829 | Shoals:4 | Got a crude robe
 29582 | Shoals:4 | Reached skill level 15 in Fighting
 29882 | Shoals:4 | Reached skill level 1 in Evocations
 29934 | Shoals:4 | Reached skill level 1 in Ice Magic
 30031 | Shoals:4 | Got a barnacled rune of Zot
 30115 | Shoals:4 | Identified the +0 robe of Insecurity {Regen+} (You found it
                  | on level 4 of the Shoals)
 30567 | Snake:1  | Entered Level 1 of the Snake Pit
 30591 | Snake:1  | Noticed Aizul
 30606 | Snake:1  | Killed Aizul
 30606 | Snake:1  | Reached XP level 18. HP: 118/149 MP: 10/38
 31040 | Snake:1  | Reached skill level 5 in Charms
 31040 | Snake:1  | Reached skill level 5 in Polearms
 31604 | Snake:2  | Reached skill level 5 in Stealth
 31956 | Snake:2  | Found a runed translucent door.
 31956 | Snake:2  | Noticed Aruth's ghost (adept MiBe)
 31969 | Snake:2  | Reached skill level 10 in Earth Magic
 32183 | Snake:2  | Reached skill level 10 in Necromancy
 32382 | Snake:2  | Killed Aruth's ghost
 32514 | Snake:2  | Reached XP level 19. HP: 103/155 MP: 8/39
 32584 | Snake:2  | Noticed Saint Roka
 32620 | Snake:2  | Reached skill level 5 in Evocations
 32657 | Snake:2  | Killed Saint Roka
 32951 | Snake:3  | Noticed Azrael
 32963 | Snake:3  | Reached skill level 5 in Ice Magic
 32988 | Snake:3  | Killed Azrael
 33247 | Snake:3  | Noticed Asterion
 33257 | Snake:3  | Killed Asterion
 33654 | Snake:3  | Noticed Nikola
 33678 | Snake:3  | Killed Nikola
 34408 | Snake:3  | Lost mutation: Your body sometimes deteriorates upon taking
                  | damage. [potion of mutation]
 34408 | Snake:3  | Gained mutation: You are partially covered in icy blue
                  | scales. (AC +2) [potion of mutation]
 34408 | Snake:3  | Gained mutation: Scrolls take you a little longer to read.
                  | [potion of mutation]
 34408 | Snake:3  | Gained mutation: You are clumsy. (Dex -2) [potion of
                  | mutation]
 34408 | Snake:3  | Gained mutation: You are partially covered in thin metallic
                  | scales. (AC +2) [potion of mutation]
 34439 | Snake:4  | Entered Level 4 of the Snake Pit
 34606 | Snake:4  | Found a deep blue altar of Sif Muna.
 34753 | Snake:4  | Noticed Vashnia
 34764 | Snake:4  | Killed Vashnia
 34861 | Snake:4  | Reached XP level 20. HP: 131/162 MP: 19/40
 35127 | Snake:4  | Noticed Louise
 35139 | Snake:4  | Killed Louise
 35335 | Snake:4  | Got a serpentine rune of Zot
 35761 | Vaults:1 | Entered Level 1 of the Vaults
 35769 | Vaults:1 | Found a ruined gateway.
 35819 | Desolati | Entered the Desolation of Salt
 36123 | Desolati | Reached skill level 15 in Necromancy
 36224 | Desolati | Found the +3 sling "Punk" {acid, rCorr}
 36308 | Desolati | Got a pitted zirconium amulet
 36309 | Desolati | Identified the Tome of the Damaging Birds
 36316 | Desolati | Got an ancient tin ring
 36328 | Desolati | Identified the amulet "Kuirch" {*Slow Regen+ Int+5 Slay+3}
                  | (You found it in the Desolation of Salt)
 36332 | Desolati | Identified the ring of the Eagle {+Fly AC+5 Int+2 Stlth+}
                  | (You found it in the Desolation of Salt)
 36424 | Desolati | Got a faintly glowing large shield
 36429 | Desolati | Identified the Reference Book on Hurtful Stolen Souls
 36496 | Desolati | Got a heavily runed gossamer ring
 36514 | Desolati | Identified the +2 large shield "Moshuon" {rF+ Str-4 Int+4
                  | Dex+2} (You found it in the Desolation of Salt)
 36520 | Desolati | Identified the ring of Poan {rC- rN+ MR+ Stlth+} (You found
                  | it in the Desolation of Salt)
 36752 | Desolati | Reached XP level 21. HP: 62/168 MP: 11/41
 36918 | Desolati | Got a crude lapis lazuli ring
 36928 | Desolati | Identified Horeutysch's Tome of Confrontation
 37029 | Desolati | Identified the ring of Fedhas's Reproof {rCorr rF- rC+ rN+
                  | Str+3} (You found it in the Desolation of Salt)
 37546 | Vaults:1 | Learned a level 8 spell: Necromutation
 38087 | Vaults:1 | Got a transparent jade ring
 38677 | Vaults:1 | Found an opulent altar of Gozag.
 39115 | Vaults:2 | Reached skill level 1 in Transmutations
 39173 | Vaults:2 | You fall through a shaft for 2 floors!
 39195 | Vaults:4 | Learned a level 5 spell: Aura of Abjuration
 39199 | Vaults:4 | Learned a level 3 spell: Spectral Weapon
 39267 | Vaults:4 | Reached skill level 1 in Hexes
 39327 | Vaults:4 | Reached XP level 22. HP: 147/175 MP: 23/42
 39328 | Vaults:4 | Noticed Frederick
 39339 | Vaults:4 | Killed Frederick
 39384 | Vaults:3 | Bought a scroll of identify for 32 gold pieces
 39384 | Vaults:3 | Bought a scroll of identify for 32 gold pieces
 39485 | Vaults:2 | Found a magical portal.
 39496 | WizLab   | Entered The Hall of the Hellbinder
 39623 | WizLab   | Gained mutation: You are weak. (Str -2) [a cacodemon]
 39629 | WizLab   | Gained mutation: Your magical capacity is low. (-10% MP) [a
                  | cacodemon]
 39632 | WizLab   | Gained mutation: You are dopey. (Int -2) [a cacodemon]
 39634 | WizLab   | Gained mutation: Your magical capacity is very low. (-20%
                  | MP) [a cacodemon]
 39679 | WizLab   | Reached skill level 5 in Transmutations
 39725 | WizLab   | Reached skill level 5 in Hexes
 39965 | WizLab   | Noticed Tuchabux
 39984 | WizLab   | Killed Tuchabux the Hellbinder
 39990 | WizLab   | Gained mutation: You are very clumsy. (Dex -4) [a
                  | cacodemon]
 39991 | WizLab   | Reached skill level 5 in Summonings
 40067 | WizLab   | Found a burning altar of Makhleb.
 40084 | WizLab   | Got a steaming bronze ring
 40097 | WizLab   | Got a scorched golden ring
 40125 | WizLab   | Identified the Papyrus of Companions
 40208 | WizLab   | Identified the ring of Lies {rCorr rC+ rN++ Int+2} (You
                  | found it in a wizard's laboratory)
 40210 | WizLab   | Identified the ring "Ehoh" {rElec MP+9} (You found it on
                  | level 1 of the Vaults)
 40212 | WizLab   | Identified the ring of Feinyn {Str+4 Stlth-} (You found it
                  | in a wizard's laboratory)
 40284 | Vaults:2 | Identified a scroll of acquirement
 40514 | Vaults:2 | Noticed Donald
 40520 | Vaults:2 | Killed Donald
 40758 | Vaults:2 | Reached skill level 10 in Transmutations
 41056 | Vaults:2 | Reached XP level 23. HP: 46/181 MP: 17/34
 41135 | Vaults:2 | Found the +9 heavy crossbow "Sniper" {velocity, Acc+∞ SInv}
 41184 | Vaults:2 | Got a clouded steel ring
 41254 | Vaults:2 | Identified the ring of Unailovi {+Fly MR+ Str+4} (You found
                  | it on level 2 of the Vaults)
 42156 | Vaults:3 | Found a staircase to the Crypt.
 42156 | Vaults:3 | Found an ancient bone altar of Kikubaaqudgha.
 42157 | Vaults:3 | Found a basalt altar of Yredelemnul.
 42229 | Vaults:3 | Found a glowing silver altar of Zin.
 42568 | Vaults:3 | Bought a scroll of fog for 32 gold pieces
 42568 | Vaults:3 | Bought a scroll of amnesia for 56 gold pieces
 42568 | Vaults:3 | Bought a scroll of amnesia for 56 gold pieces
 42568 | Vaults:3 | Bought a scroll of fog for 32 gold pieces
 42568 | Vaults:3 | Bought a scroll of amnesia for 56 gold pieces
 42726 | Vaults:4 | Noticed Jory
 42737 | Vaults:4 | Killed Jory
 43218 | Vaults:4 | Noticed Xtahua
 43228 | Vaults:4 | Killed Xtahua
 43584 | Vaults:4 | Reached skill level 15 in Transmutations
 43849 | Vaults:4 | Noticed Boris
 43863 | Vaults:4 | Killed Boris
 43988 | Vaults:5 | Entered Level 5 of the Vaults
 44018 | Vaults:5 | Noticed a golden dragon
 44342 | Elf:1    | Entered Level 1 of the Elven Halls
 44484 | Elf:1    | Learned a level 6 spell: Deflect Missiles
 44547 | Elf:1    | Reached XP level 24. HP: 188/188 MP: 20/34
 44614 | Elf:1    | Found Qocvewi's General Store.
 44622 | Elf:1    | Bought a scroll of identify for 32 gold pieces
 44713 | Elf:1    | Found Fuicank's Armour Boutique.
 44717 | Elf:1    | Found Inoerph's Gadget Shop.
 44718 | Elf:1    | Found Zuwujujo's Food Boutique.
 44723 | Elf:1    | Bought a wand of acid (4) for 256 gold pieces
 45218 | Elf:2    | Found the ring of Robustness {AC+8}
 45275 | Elf:2    | Found a runed translucent gate.
 45275 | Elf:2    | Found a runed translucent gate.
 45275 | Elf:2    | Found a runed translucent gate.
 45349 | Elf:2    | Found a runed translucent gate.
 45349 | Elf:2    | Found a runed translucent gate.
 45352 | Elf:2    | Found a runed translucent gate.
 45352 | Elf:2    | Noticed kalagan's ghost (adept BaSu)
 45401 | Elf:2    | Gained mutation: You are resistant to hostile enchantments.
                  | (MR+) [a cacodemon]
 45408 | Elf:2    | Gained mutation: You are very dopey. (Int -4) [a cacodemon]
 45418 | Elf:2    | Killed kalagan's ghost
 45494 | Elf:2    | Got a pair of ichor-stained boots
 45861 | Elf:2    | Found a runed translucent gate.
 45861 | Elf:2    | Found a runed translucent gate.
 45861 | Elf:2    | Found a runed translucent gate.
 45885 | Elf:2    | Found a portal to a secret trove of treasure.
 46723 | Elf:2    | Learned a level 5 spell: Bolt of Magma
 46724 | Elf:2    | Lost mutation: You are very clumsy. (Dex -4) [potion of
                  | mutation]
 46724 | Elf:2    | Lost mutation: You are clumsy. (Dex -2) [potion of
                  | mutation]
 46724 | Elf:2    | Gained mutation: Armour fits poorly on your strangely
                  | shaped body. [potion of mutation]
 46724 | Elf:2    | Gained mutation: You are surrounded by a mild repulsion
                  | field. (EV +2) [potion of mutation]
 46724 | Elf:2    | Gained mutation: You are somewhat resistant to further
                  | mutation. [potion of mutation]
 46725 | Elf:2    | Lost mutation: Your magical capacity is very low. (-20% MP)
                  | [potion of mutation]
 46725 | Elf:2    | Lost mutation: You are resistant to hostile enchantments.
                  | (MR+) [potion of mutation]
 46726 | Elf:2    | Lost mutation: You are very dopey. (Int -4) [potion of
                  | mutation]
 46726 | Elf:2    | Lost mutation: Armour fits poorly on your strangely shaped
                  | body. [potion of mutation]
 46726 | Elf:2    | Lost mutation: You are somewhat resistant to further
                  | mutation. [potion of mutation]
 46726 | Elf:2    | Gained mutation: You are agile. (Dex +2) [potion of
                  | mutation]
 46726 | Elf:2    | Lost mutation: You are dopey. (Int -2) [potion of mutation]
 46727 | Elf:2    | Lost mutation: You are weak. (Str -2) [potion of mutation]
 46727 | Elf:2    | Lost mutation: Scrolls take you a little longer to read.
                  | [potion of mutation]
 46727 | Elf:2    | Lost mutation: You are partially covered in thin metallic
                  | scales. (AC +2) [potion of mutation]
 46727 | Elf:2    | Lost mutation: Your magical capacity is low. (-10% MP)
                  | [potion of mutation]
 46727 | Elf:2    | Gained mutation: You are partially covered in molten
                  | scales. (AC +2) [potion of mutation]
 46727 | Elf:2    | Gained mutation: You expend magic power (3 MP) to
                  | strengthen your wands. [potion of mutation]
 46728 | Elf:2    | Lost mutation: You are surrounded by a mild repulsion
                  | field. (EV +2) [potion of mutation]
 46728 | Elf:2    | Lost mutation: You expend magic power (3 MP) to strengthen
                  | your wands. [potion of mutation]
 46728 | Elf:2    | Lost mutation: You are partially covered in molten scales.
                  | (AC +2) [potion of mutation]
 46728 | Elf:2    | Gained mutation: Your system is resistant to poisons.
                  | (rPois) [potion of mutation]
 46728 | Elf:2    | Gained mutation: You passively map a small area around you.
                  | [potion of mutation]
 46729 | Elf:2    | Lost mutation: You are agile. (Dex +2) [potion of mutation]
 46729 | Elf:2    | Lost mutation: Your system is resistant to poisons. (rPois)
                  | [potion of mutation]
 46729 | Elf:2    | Gained mutation: You have sharp toenails. [potion of
                  | mutation]
 46729 | Elf:2    | Gained mutation: Your mind is acute. (Int +2) [potion of
                  | mutation]
 46740 | Elf:2    | Identified the +1 pair of boots of Zaacs {MR++} (You found
                  | it on level 2 of the Elven Halls)
 46755 | Elf:3    | Entered Level 3 of the Elven Halls
 47687 | Elf:3    | Reached XP level 25. HP: 120/194 MP: 19/43
 47707 | Elf:3    | Killed from afar by a deep elf annihilator

Skill      XL: |  1  2  3  4  5  6  7  8  9 10 11 12 13 14 15 16 17 18 19 20 21 22 23 24 25 |
---------------+----------------------------------------------------------------------------+-----
Conjurations   | 1 2 3 4 5 6 |  6.0
Poison Magic   | 1 3 5 6 |  6.0
Fire Magic     | 2 4 5 |  5.0
Air Magic      | 1 3 5 7 |  7.0
Polearms       | 2 3 4 5 |  5.0
Spellcasting   | 7 8 12 15 16 | 16.0
Necromancy     | 7 9 10 12 16 18 19 | 19.0
Earth Magic    | 7 9 10 12 | 12.0
Fighting       | 4 7 10 15 | 15.1
Armour         | 4 7 8 9 |  9.0
Dodging        | 4 6 7 |  7.0
Shields        | 7 9 15 | 15.0
Charms         | 4 6 7 |  7.0
Evocations     | 1 4 6 |  6.0
Stealth        | 3 6 |  6.0
Ice Magic      | 1 4 6 |  6.0
Transmutations | 3 11 16 18 19 | 19.0
Hexes          | 1 6 |  6.0
Summonings     | 5 |  5.0
Translocations | |  0.8

Action                   |  1- 3 |  4- 6 |  7- 9 | 10-12 | 13-15 | 16-18 | 19-21 | 22-24 | 25-27 || total
-------------------------+-------+-------+-------+-------+-------+-------+-------+-------+-------++-------
Melee: Hand axe          |     9 |    12 |     5 |       |       |       |       |       |       ||    26
       Spear             |       |    74 |   254 |     4 |       |       |       |       |       ||   332
       Dagger            |       |       |   112 |   141 |       |       |       |       |       ||   253
       Staff             |       |       |     2 |    38 |       |       |       |       |       ||    40
       Halberd           |       |       |       |   230 |  1077 |   321 |       |       |       ||  1628
       Trident           |       |       |       |       |       |   335 |   690 |   659 |       ||  1684
       Quarterstaff      |       |       |       |       |       |       |       |     4 |     4 ||     8
 Fire: Hunting sling     |     1 |       |       |       |       |       |       |       |       ||     1
       Longbow           |       |       |       |    17 |       |       |       |       |       ||    17
       Heavy crossbow    |       |       |       |       |       |       |       |     3 |       ||     3
Throw: Javelin           |       |       |       |       |       |       |       |     1 |       ||     1
 Cast: Magic Dart        |    64 |    72 |    43 |    31 |    24 |       |       |       |       ||   234
       Mephitic Cloud    |     1 |     8 |    34 |    52 |    91 |    63 |    17 |    20 |     1 ||   287
       Conjure Flame     |       |     6 |    18 |    42 |    66 |    28 |    20 |    29 |     1 ||   210
       Sublimation of Bl |       |       |     1 |       |    17 |    90 |    61 |    44 |     3 ||   216
       Dispel Undead     |       |       |       |     8 |    12 |     4 |     3 |    20 |       ||    47
       Borgnjor's Vile C |       |       |       |    31 |   112 |   255 |   275 |   255 |     5 ||   933
       Vampiric Draining |       |       |       |     2 |    21 |       |       |       |       ||    23
       Regeneration      |       |       |       |       |       |    95 |    68 |    47 |       ||   210
       Ozocubu's Armour  |       |       |       |       |       |     2 |     3 |    11 |     2 ||    18
       Aura of Abjuratio |       |       |       |       |       |       |       |     4 |     1 ||     5
       Necromutation     |       |       |       |       |       |       |       |     9 |       ||     9
       Deflect Missiles  |       |       |       |       |       |       |       |     1 |       ||     1
Invok: Receive Necronomi |       |       |       |       |     1 |       |       |       |       ||     1
       Renounce Religion |       |       |       |       |     1 |       |       |       |       ||     1
       Call Merchant     |       |       |       |       |       |       |       |     3 |       ||     3
 Abil: Dig               |     2 |     4 |     5 |    19 |    28 |    21 |     5 |    10 |       ||    94
       End Transformatio |       |       |       |       |       |       |       |     3 |       ||     3
Evoke: Wand              |       |       |       |     4 |       |     1 |       |    13 |       ||    18
       Lightning rod     |       |       |       |       |       |     1 |     1 |     5 |       ||     7
       Phial of floods   |       |       |       |       |       |       |     1 |     3 |       ||     4
  Use: Scroll            |       |     3 |     9 |     9 |     7 |     8 |     5 |     2 |       ||    43
       Potion            |       |       |     3 |     4 |     5 |     4 |     1 |     8 |       ||    25
 Stab: Confused          |     3 |     1 |    12 |    22 |    40 |    23 |     8 |     3 |       ||   112
       Sleeping          |       |     2 |       |     4 |     1 |     1 |     6 |     7 |       ||    21
       Distracted        |       |       |       |     1 |     1 |     3 |     6 |     2 |       ||    13
       Invisible         |       |       |       |     1 |       |       |       |       |       ||     1
  Eat: Chunk             |     2 |    12 |    15 |    28 |     9 |       |       |       |       ||    66
       Ration            |       |       |       |       |    18 |    14 |     9 |     9 |       ||    50
Armor: Robe              |     1 |    27 |    60 |   108 |   197 |    82 |   120 |   200 |     5 ||   800
Dodge: Dodged            |     9 |    58 |   131 |   187 |   351 |   237 |   200 |   227 |     5 ||  1405
       Deflected         |       |       |       |       |       |       |       |    39 |     1 ||    40
Block: Buckler           |       |       |       |       |    79 |       |       |       |       ||    79
       Large shield      |       |       |       |       |   449 |   531 |   509 |   556 |    13 ||  2058
